 Dungeon Crawl Stone Soup version 0.20-a0-971-g5896763 (webtiles) character file.

177 youMom the Ruffian (level 5, 0/45 HPs)
             Began as a Bultungin Berserker on Apr 8, 2017.
             Was a Believer of Trog.
             Slain by an orc
             ... wielding a +0 hand axe
              (5 damage)
             ... on level 3 of the Dungeon.
             The game lasted 00:07:16 (2064 turns).

youMom the Ruffian (Bultungin Berserker)            Turns: 2064, Time: 00:07:17

Health: 0/45       AC:  2    Str: 16    XL:     5   Next: 57%
Magic:  5/5        EV: 15    Int:  8    God:    Trog [**....]
Gold:   124        SH:  3    Dex: 14    Spells: 4/4 levels left

rFire    . . .     SeeInvis +     - Unarmed
rCold    . . .     Gourm    .   (no shield)
rNeg     . . .     Faith    .   a - +0 animal skin
rPois    .         Spirit   .   (no helmet)
rElec    .         Reflect  +   (no cloak)
rCorr    .         Harm     .   (no gloves)
MR       .....                  (no boots)
Stlth    +.........             d - +3 amulet of reflection
Regen    0.2/turn               (no ring)
MPRegen  0.1/turn               (no ring)

@: no status effects
A: short attention span, fangs 1, see invisible, strong nose
a: Berserk, Trog's Hand, Burn Spellbooks, Renounce Religion


You were on level 3 of the Dungeon.
You worshipped Trog.
Trog was pleased with you.
You were near starving.

You visited 1 branch of the dungeon, and saw 3 of its levels.

You collected 124 gold pieces.

Inventory:

Armour
 a - a +0 animal skin (worn)
Jewellery
 d - a +3 amulet of reflection (around neck)
Scrolls
 f - 2 scrolls of blinking {unknown}
 g - a scroll of fear {unknown}
 h - a scroll of amnesia {unknown}
 k - 2 scrolls of teleportation {unknown}
 l - a scroll of enchant armour {unknown}
 p - a scroll of recharging {unknown}
 q - 4 scrolls of identify {unknown}
Potions
 c - a potion of resistance {unknown}
 e - a potion of mutation {unknown}
 m - a potion of heal wounds {unknown}
 n - a potion of agility {unknown}
 o - a potion of might {unknown}
Comestibles
 b - 4 bread rations
 i - 7 fruits


   Skills:
 + Level 5.6 Fighting
 + Level 4.6 Armour
 + Level 5.1 Dodging
 + Level 5.7 Unarmed Combat


You had 4 spell levels left.
You didn't know any spells.

Dungeon Overview and Level Annotations

Branches:
Dungeon (3/15)

Altars:


Innate Abilities, Weirdness & Mutations

You have a short attention span.
You have very sharp teeth.
You have supernaturally acute eyesight. (SInv)
Your uncanny sense of smell can sniff out nearby items.


Message History

The orc priest is lightly wounded.
The orc priest hits you with a mace.
* * * LOW HITPOINT WARNING * * *
The orc hits you with a hand axe.
* * * LOW HITPOINT WARNING * * *
It was a potion of curing.
You feel better. The orc priest closely misses you. The orc barely misses you.
You hit the orc priest but do no damage.
The orc priest is lightly wounded.
The orc priest hits you with a mace.
* * * LOW HITPOINT WARNING * * *
You hit the orc priest but do no damage.
The orc priest is lightly wounded.
The orc closely misses you.
You hit the orc priest.
The orc priest is heavily wounded.
The orc priest hits you with a mace.
* * * LOW HITPOINT WARNING * * *
The orc hits you with a hand axe.
You die...

....####..................
....# #<.................
....# #..................
..#######................
#.##.....#)..............
#.##.....##..............
#.##.....#.(.............
#.##....................
..##.....#......@o......
####.....#....#.[o...... #
#.....####...........
#####.########..#.......
......#.(......>##......
#######.######..# #.<...
.....o......##..# #....
######......##..# #### #
#......##..#


You could see an orc priest and an orc.

Vanquished Creatures
  A scorpion (D:3)
  An orc priest (D:3)
  4 adders
  An ooze (D:1)
  A worm (D:2)
  A dart slug (D:2)
  An orc (D:3)
  6 bats
  A giant cockroach (D:1)
  2 goblins (D:1)
  5 hobgoblins
  12 jackals
  3 quokkas
  3 frilled lizards (D:1)
  5 kobolds (D:1)
  7 rats
54 creatures vanquished.

Notes
Turn   | Place    | Note
-------+----------+-------------------------------------------
     0 | D:1      | youMom the Bultungin Berserker began the quest for the Orb.
     0 | D:1      | Reached XP level 1. HP: 20/20 MP: 1/1
    70 | D:1      | Reached XP level 2. HP: 20/26 MP: 2/2
   325 | D:1      | Reached XP level 3. HP: 18/31 MP: 3/3
   369 | D:1      | Reached ** piety under Trog
   858 | D:2      | Reached skill level 5 in Unarmed Combat
  1048 | D:2      | Reached XP level 4. HP: 35/38 MP: 4/4
  1162 | D:2      | Reached skill level 5 in Fighting
  1578 | D:3      | Reached XP level 5. HP: 33/44 MP: 5/5
  1631 | D:3      | Reached skill level 5 in Dodging
  2064 | D:3      | Slain by an orc

Vault maps used:
D:1:      saegor_arrival_simple_e
D:3:      regret_index_temple_of_mockery, first_bread

Skill      XL: |  1  2  3  4  5 |
---------------+----------------+-----
Dodging        | 4 5 |  5.1
Unarmed Combat | 5 |  5.7
Fighting       | 5 |  5.6
Armour         | 4 |  4.6

Action                   |  1- 3 |  4- 6 || total
-------------------------+-------+-------++-------
Melee: Unarmed           |    97 |    68 ||   165
       Bite              |     8 |     6 ||    14
       Punch             |     1 |     2 ||     3
Invok: Berserk           |     2 |     5 ||     7
       Trog's Hand       |       |     1 ||     1
  Use: Potion            |       |     1 ||     1
  Eat: Chunk             |     3 |     4 ||     7
       Royal jelly       |       |     1 ||     1
Armor: Animal skin       |    12 |     6 ||    18
Dodge: Dodged            |    49 |    38 ||    87
Block: Other             |     5 |     3 ||     8
